 Dungeon Crawl Stone Soup version 0.23.0-3-gf3c87f2 (webtiles) character file.

Game seed: 11754471825851581281

15374 dengdeng the Cleaver (level 12, -10/112 HPs)
             Began as a Minotaur Berserker on Feb 20, 2019.
             Was a High Priest of Trog.
             Mangled by a skeletal warrior
             ... wielding a +0 war axe
              (13 damage)
             ... on level 11 of the Dungeon on Feb 22, 2019.
             The game lasted 00:39:11 (10838 turns).

dengdeng the Cleaver (Minotaur Berserker)          Turns: 10838, Time: 00:39:12

Health: -10/112    AC: 21    Str: 27    XL:     12   Next: 0%
Magic:  11/11      EV: 12    Int:  4    God:    Trog [*****.]
Gold:   563        SH:  3    Dex: 10    Spells: 11/11 levels left

rFire    . . .     SeeInvis .   X - +5 dire flail (crush)
rCold    . . .     Gourm    .   (shield currently unavailable)
rNeg     . . .     Faith    .   k - +3 plate armour
rPois    .         Spirit   .   (helmet restricted)
rElec    .         Reflect  +   (no cloak)
rCorr    .         Harm     .   e - +0 pair of gloves (curse)
MR       +....                  w - +0 pair of boots
Stlth    ..........             o - +3 amulet of reflection
HPRegen  0.28/turn              g - ring of protection from magic
MPRegen  0.12/turn              m - +3 ring of evasion

@: berserk cooldown, slowed, very slow
A: retaliatory headbutt, horns 2
a: Berserk, Trog's Hand, Brothers in Arms, Renounce Religion


You were on level 11 of the Dungeon.
You worshipped Trog.
Trog was extremely pleased with you.
You were not hungry.

You visited 1 branch of the dungeon, and saw 11 of its levels.

You collected 668 gold pieces.
You spent 105 gold pieces at shops.

Inventory:

Hand Weapons
 s - a +0 war axe
 Q - a +1 morningstar of holy wrath
 T - a +5 hand axe
 X - a +5 dire flail of crushing (weapon)
Missiles
 d - 349 stones
 l - 7 tomahawks
 F - 4 javelins
 I - 7 tomahawks of returning (quivered)
Armour
 e - a cursed +0 pair of gloves (worn)
 k - a +3 plate armour (worn)
 w - a +0 pair of boots (worn)
 y - a +0 pair of gloves
 A - a +0 buckler
Jewellery
 b - an uncursed ring of positive energy {unknown}
 g - a ring of protection from magic (left hand)
 m - a +3 ring of evasion (right hand)
 o - a +3 amulet of reflection (around neck)
 D - a +4 ring of evasion
 O - an uncursed ring of poison resistance {unknown}
 S - an uncursed amulet of the gourmand
Wands
 z - a wand of flame (23)
 B - a wand of random effects (9)
 J - a wand of digging (6)
 P - a wand of enslavement (8)
 U - a wand of polymorph (6)
Scrolls
 a - 5 scrolls of remove curse {unknown}
 h - 8 scrolls of identify {unknown}
 i - 7 scrolls of magic mapping {unknown}
 j - 2 scrolls of fog {unknown}
 t - 3 scrolls of amnesia {unknown}
 u - a scroll of noise {unknown}
 E - a scroll of acquirement {unknown}
 G - 3 scrolls of enchant weapon {unknown}
 N - a scroll of teleportation {unknown}
 R - 2 scrolls of vulnerability {unknown}
Potions
 f - a potion of invisibility {unknown}
 n - 3 potions of cancellation {unknown}
 p - 2 potions of mutation {unknown}
 q - 3 potions of heal wounds {unknown}
 r - 3 potions of lignification {unknown}
 v - 2 potions of curing {unknown}
 x - 3 potions of magic {unknown}
 C - 2 potions of brilliance {unknown}
 H - a potion of degeneration {unknown}
 M - a potion of berserk rage {unknown}
 V - a potion of might {unknown}
 W - a potion of haste {unknown}
Miscellaneous
 K - a sack of spiders
Comestibles
 c - 28 rations


   Skills:
 * Level 11.8 Fighting
 + Level 13.0(13.3) Axes
 + Level 5.0(10.0) Maces & Flails
 + Level 4.0 Throwing
 * Level 12.7 Armour
 + Level 3.1 Dodging
 + Level 0.3 Stealth
 + Level 5.3 Shields


You had 11 spell levels left.
You didn't know any spells.
Your spell library was empty.

Dungeon Overview and Level Annotations

Branches:
Dungeon (11/15)            Temple (0/1) D:6            Lair (0/6) D:9
    Orc (0/2) D:10

Altars:
Dithmenos
Gozag
Hepliaklqana
Nemelex Xobeh
Qazlal
Trog
Vehumet
Xom
The Shining One

Shops:
D:10 =   D:11 ?

Annotations:
D:11 1 runed translucent door


Innate Abilities, Weirdness & Mutations

You reflexively headbutt those who attack you in melee.
You have a pair of horns on your head.


Message History

The yaktaur captain barely misses you.
You hit the yaktaur captain. You headbutt the yaktaur captain!
The yaktaur captain is heavily wounded.
The yaktaur captain hits you!
* * * LOW HITPOINT WARNING * * *
The yaktaur captain hits you.
* * * LOW HITPOINT WARNING * * *
Unknown command.
You hit the yaktaur captain. You headbutt the yaktaur captain!
The yaktaur captain is severely wounded.
The yaktaur captain misses you.
You completely miss the yaktaur captain.
You headbutt the yaktaur captain.
The yaktaur captain is severely wounded.
The yaktaur captain hits you but does no damage.
You barely miss the yaktaur captain.
Your headbutt misses the yaktaur captain.
The yaktaur captain is severely wounded.
The skeletal warrior hits you with a +0 war axe!
You die...

##.#.#.##$#..####
#8.8.8.8#.#..##..
#.........#......
#♣..###e...#....##
##..##.##.♣.#......
#...#...#.ez#......
#.♣.#.⌠.#♣p##.>....
#zc#...#QL#.......
#@##...##+#....##.
#.................
#.###.............
#........#..###...
######..###...#...
#.## ##...... ###
##.###. ### ## #


You could see a yaktaur captain, a skeletal warrior and a deep elf mage.

Vanquished Creatures
  The ghost of Torikoriko the Grappler, a journeyman TrGl of Elyvilon (D:11)
  Erica (D:8)
  3 two-headed ogres
  A skeletal warrior (D:11)
  A wizard (D:11)
  Pikel (D:7)
  2 deep elf magi (D:11)
  A troll (D:11)
  3 hornets
  Grinder (D:4)
  A meliai zombie (D:9)
  A hippogriff (D:9)
  A vampire (D:11)
  13 yaks
  2 wyverns
  A wraith (D:10)
  3 hungry ghosts
  An acid dragon (D:11)
  2 water moccasins
  A soldier ant (D:8)
  4 slaves (D:7)
  An orc warrior (D:9)
  4 black bears
  2 ice beasts (D:7)
  8 ogres
  4 phantoms
  A necrophage (D:9)
  10 centaurs
  3 big kobolds
  5 bullfrogs
  A wyvern zombie (D:11)
  2 scorpions
  3 wights (D:10)
  3 howler monkeys
  6 crimson imps
  2 bullfrog skeletons
  6 hounds
  3 jellies
  2 centaur skeletons
  2 orc priests (D:6)
  2 iguanas
  8 orc wizards
  7 worker ants
  A hound zombie (D:11)
  2 hound skeletons
  A gnoll (D:1)
  A howler monkey skeleton (D:9)
  15 adders
  An ooze (D:6)
  2 worms
  A dart slug (D:1)
  7 leopard geckos
  37 orcs
  A giant cockroach (D:8)
  7 goblins
  14 hobgoblins
  21 jackals
  2 quokkas
  2 ball pythons (D:2)
  8 bats
  3 frilled lizards
  17 kobolds
  A quokka skeleton (D:6)
  2 quokka zombies
  6 rats
282 creatures vanquished.

Vanquished Creatures (others)
  A kobold (D:11)
1 creature vanquished.

Grand Total: 283 creatures vanquished

Notes
Turn   | Place    | Note
-------+----------+-------------------------------------------
     0 | D:1      | dengdeng the Minotaur Berserker began the quest for the
                  | Orb.
     0 | D:1      | Reached XP level 1. HP: 19/19 MP: 0/0
    49 | D:1      | Reached XP level 2. HP: 13/27 MP: 1/1
    54 | D:1      | Reached skill level 4 in Axes
   238 | D:1      | Reached XP level 3. HP: 31/34 MP: 2/2
   325 | D:1      | Reached ** piety under Trog
   876 | D:2      | Found a faded altar of an unknown god.
  1197 | D:2      | Reached XP level 4. HP: 41/41 MP: 3/3
  1519 | D:2      | Found a radiant altar of Vehumet.
  1520 | D:2      | Found a shimmering altar of Xom.
  1520 | D:2      | Found an opulent altar of Gozag.
  1804 | D:3      | Reached skill level 5 in Fighting
  2292 | D:3      | Reached XP level 5. HP: 47/48 MP: 4/4
  2777 | D:4      | Reached skill level 5 in Axes
  2807 | D:4      | Found a glowing golden altar of the Shining One.
  2921 | D:4      | Reached XP level 6. HP: 51/56 MP: 5/5
  2921 | D:4      | Noticed Grinder
  2932 | D:4      | Reached skill level 5 in Armour
  2937 | D:4      | Killed Grinder
  2937 | D:4      | Reached *** piety under Trog
  2937 | D:4      | Reached skill level 6 in Axes
  2937 | D:4      | Reached XP level 7. HP: 33/62 MP: 6/6
  3173 | D:4      | Reached skill level 7 in Axes
  3569 | D:5      | Entered Level 5 of the Dungeon
  3775 | D:5      | Reached XP level 8. HP: 58/71 MP: 7/7
  3977 | D:5      | Found a shadowy altar of Dithmenos.
  4007 | D:5      | Reached skill level 1 in Throwing
  4084 | D:5      | Reached skill level 8 in Axes
  4559 | D:6      | Reached skill level 1 in Shields
  4906 | D:6      | Reached **** piety under Trog
  4906 | D:6      | Reached skill level 9 in Axes
  5440 | D:6      | Found a staircase to the Ecumenical Temple.
  5486 | D:7      | Found a stormy altar of Qazlal.
  5517 | D:7      | Reached XP level 9. HP: 79/79 MP: 8/8
  6153 | D:7      | Noticed Pikel
  6167 | D:7      | Killed Pikel
  6167 | D:7      | Reached skill level 10 in Axes
  6317 | D:7      | Found a sparkling altar of Nemelex Xobeh.
  6502 | D:8      | Noticed Erica
  6512 | D:8      | Killed Erica
  6512 | D:8      | Reached skill level 10 in Armour
  6876 | D:8      | Reached skill level 11 in Axes
  6997 | D:8      | Found a bloodstained altar of Trog.
  7177 | D:8      | Paralysed by a hornet for 2 turns
  7182 | D:8      | Reached XP level 10. HP: 65/90 MP: 9/9
  7904 | D:9      | Found a hazy altar of Hepliaklqana.
  7985 | D:9      | Found a staircase to the Lair.
  7996 | D:9      | Noticed a two-headed ogre
  8006 | D:9      | Paralysed by a hornet for 1 turns
  8018 | D:9      | Killed a two-headed ogre
  8027 | D:9      | Reached skill level 10 in Fighting
  8027 | D:9      | Reached skill level 12 in Axes
  8099 | D:9      | Reached ***** piety under Trog
  8746 | D:10     | Entered Level 10 of the Dungeon
  8761 | D:10     | Reached XP level 11. HP: 99/101 MP: 10/10
  8946 | D:10     | Reached skill level 1 in Maces & Flails
  9049 | D:10     | Found a staircase to the Orcish Mines.
  9263 | D:10     | Found Nonu's Jewellery Emporium.
  9594 | D:11     | Noticed a deep elf mage
  9594 | D:11     | Noticed a wizard
  9715 | D:11     | Noticed a two-headed ogre
  9724 | D:11     | Killed a two-headed ogre
  9757 | D:11     | Received a gift from Trog
  9774 | D:11     | Killed a wizard
  9774 | D:11     | Reached skill level 5 in Shields
  9792 | D:11     | Found Desuts's Magic Scroll Boutique.
  9803 | D:11     | Bought a scroll of enchant armour for 105 gold pieces
  9969 | D:11     | Noticed a two-headed ogre
  9983 | D:11     | Killed a two-headed ogre
 10289 | D:11     | Noticed a skeletal warrior
 10292 | D:11     | Noticed Torikoriko's ghost (journeyman TrGl)
 10292 | D:11     | Noticed a lich
 10292 | D:11     | Noticed a skeletal warrior
 10292 | D:11     | Noticed a deep elf mage
 10293 | D:11     | Noticed a yaktaur captain
 10294 | D:11     | Noticed a tengu reaver
 10421 | D:11     | Found a runed translucent door.
 10421 | D:11     | Noticed a necromancer
 10423 | D:11     | Found a runed translucent door.
 10457 | D:11     | Killed a deep elf mage
 10458 | D:11     | Identified Beshiagg's Almanac of Sand
 10470 | D:11     | Noticed a deep elf mage
 10474 | D:11     | Killed a deep elf mage
 10806 | D:11     | Killed a skeletal warrior
 10806 | D:11     | Reached skill level 13 in Axes
 10824 | D:11     | Killed Torikoriko's ghost
 10833 | D:11     | Reached skill level 5 in Maces & Flails
 10833 | D:11     | Reached XP level 12. HP: 19/112 MP: 11/11
 10835 | D:11     | HP: 4/112 [yaktaur captain (16)]
 10838 | D:11     | Mangled by a skeletal warrior

Skill      XL: |  1  2  3  4  5  6  7  8  9 10 11 |
---------------+----------------------------------+-----
Fighting       | 4 5 6 7 8 10 11 | 11.8
Axes           | 4 5 6 7 9 11 12 13 | 13.0
Armour         | 3 4 5 7 8 10 11 12 | 12.7
Throwing       | 1 4 |  4.0
Shields        | 1 3 4 5 |  5.3
Dodging        | 3 |  3.1
Maces & Flails | 5 |  5.0
Stealth        | |  0.3

Action                   |  1- 3 |  4- 6 |  7- 9 | 10-12 || total
-------------------------+-------+-------+-------+-------++-------
Melee: Hand axe          |    69 |    64 |       |    58 ||   191
       Headbutt          |    18 |    14 |    50 |    80 ||   162
       War axe           |       |    33 |   223 |   137 ||   393
       Morningstar       |       |       |       |    71 ||    71
       Dire flail        |       |       |       |    74 ||    74
Throw: Stone             |     4 |       |     5 |       ||     9
       Tomahawk          |       |       |    11 |    56 ||    67
Invok: Berserk           |     1 |       |       |     4 ||     5
  Use: Scroll            |       |       |       |     3 ||     3
  Eat: Chunk             |     2 |     5 |    14 |    12 ||    33
       Ration            |       |       |       |     2 ||     2
Armor: Animal skin       |     7 |       |       |       ||     7
       Scale mail        |    11 |    22 |       |       ||    33
       Plate armour      |       |    16 |   116 |   181 ||   313
Dodge: Dodged            |    40 |    45 |   125 |   184 ||   394
Block: Other             |       |     4 |    12 |     7 ||    23
       Reflection        |       |       |     6 |    18 ||    24
       Buckler           |       |       |    48 |   131 ||   179
